 Dungeon Crawl Stone Soup version 0.30-a0-777-ga9a30cbeda (webtiles) character file.

Game seed: 17649333167531416694

4 kingofthe the Conjurer (level 1, 0/11 HPs)
             Began as an Octopode Conjurer on Feb 13, 2023.
             Slain by an adder (4 damage)
             ... on level 2 of the Dungeon.
             The game lasted 00:00:40 (999 turns).

kingofthe the Conjurer (Octopode Conjurer)           Turns: 999, Time: 00:00:41

Health: 0/11       AC:  1    Str:  6    XL:     1   Next: 70%
Magic:  0/3        EV: 13    Int: 20    God:
Gold:   50         SH:  0    Dex: 10    Spells: 3/4 levels left

rFire   . . .      SeeInvis .    (no weapon)
rCold   + . .      Faith    .    (no shield)
rNeg    . . .      Spirit   .    (helmet restricted)
rPois   .          Reflect  .    (no amulet)
rElec   .          Harm     .    e - ring of protection from cold
rCorr   .          Rampage  .    (no ring)
Will    .....                    (no ring)
Stlth   +++                      (no ring)
HPRegen 0.21/turn                (no ring)
MPRegen 0.08/turn                (no ring)
                                 (no ring)
                                 (no ring)

@: lethally poisoned (0 -> -4)
A: almost no armour, amphibious, 8 rings, camouflage 1, gelatinous body 1,
(nimble swimmer 1), tentacles
a: no special abilities


You were on level 2 of the Dungeon.
You visited 1 branch of the dungeon, and saw 2 of its levels.

You collected 50 gold pieces.

Inventory:

Jewellery
 e - a ring of protection from cold (left tentacle)
Scrolls
 b - a scroll of fear {unknown}
 d - a scroll of identify {unknown}
Potions
 a - 2 potions of magic
 c - a potion of mutation {unknown}


   Skills:
 + Level 2.1 Dodging
 + Level 2.8 Stealth
 * Level 2.1 Spellcasting
 + Level 4.0 Conjurations


You had 3 spell levels left.
You knew the following spells:

 Your Spells              Type           Power      Damage    Failure   Level
a - Magic Dart            Conj           72%        1d6       3%          1

Your spell library contained the following spells:

 Spells                   Type           Power      Damage    Failure   Level
 Searing Ray              Conj           36%        2d5       4%          2
 Dazzling Flash           Conj/Hex       20%        N/A       21%         3
 Fulminant Prism          Conj/Hex       5%         3d7       56%         4
 Iskenderun's Mystic Bla  Conj/Tloc      10%        2d4       56%         4


Dungeon Overview and Level Annotations

Branches:
Dungeon (2/15)

Altars:


Innate Abilities, Weirdness & Mutations

You cannot wear most types of armour.
You are amphibious.
You can wear up to eight rings at the same time.
Your skin changes colour to match your surroundings (Stealth+).
Your rubbery body absorbs attacks. (AC +1, EV +1)
((You are camouflaged when in or above water. (Stealth+)))
You have tentacles for arms and can constrict up to eight enemies at once.


Message History

The floating eye pulsates ominously.
You open the door.
There is an open door here.
You see here a +0 club.
You open the door.
There is an open door here.
Done exploring.
Done exploring.
There is an open door here.
You open the door.
There is an open door here.
There is a stone staircase leading down here.
You climb downwards.
There is a stone staircase leading up here.
An adder comes into view.
Found an escape hatch in the floor.
The magic dart hits the adder.
The adder is lightly wounded.
The adder hisses angrily.
The magic dart hits the adder.
The adder is moderately wounded.
The magic dart hits the adder.
The adder is severely wounded.
You are out of magic!
A kobold comes into view. It is wielding a +0 dagger.
Found 12 gold pieces.
You miss the adder.
The kobold shouts!
You grab the adder.
The adder is severely wounded.
You constrict the adder. The adder bites you. x2
You are lethally poisoned!
The adder poisons you!
You tentacle-slap the adder but do no damage.
Your squeeze misses the adder.
The adder is severely wounded.
You constrict the adder, but do no damage.
You feel sick.
The kobold throws a stone.
The stone closely misses you. The adder bites you.
You die...

.#.......$#
....>.....#
....K.....#
#.........#
#..>......####
#............
##......S..## ###
#####..###
#@...##...
#........#
##.#......
#........# #......#
#........#
#....####
#........#
##........
#........#
#....).##.
#........###......#
#........##..######
#...........)###..


You could see an adder and a kobold.

Vanquished Creatures
  A giant cockroach (D:1)
  A kobold (D:1)
  2 frilled lizards (D:1)
  A rat (D:1)
5 creatures vanquished.

Notes
Turn   | Place    | Note
-------+----------+-------------------------------------------
     0 | D:1      | kingofthe the Octopode Conjurer began the quest for the
                  | Orb.
     0 | D:1      | Reached XP level 1. HP: 11/11 MP: 3/3
   139 | D:1      | You fall into a shaft and drop 1 floor!
   495 | D:1      | Noticed a golden eye
   497 | D:1      | Found a faded altar of an unknown god.
   499 | D:1      | Noticed a floating eye
   499 | D:1      | Noticed a floating eye
   499 | D:1      | Noticed a shining eye
   999 | D:2      | Slain by an adder

Illustrated notes

Levels and vault maps discovered:
D:1:      zaba_arrival_water, layout_loops_corners,
          hellmonk_ecumenical_altar_watching_god
D:2:      layout_rooms

Action                     || total
---------------------------++-------
  Melee: Unarmed           ||     5
         Constrict         ||     2
   Cast: Magic Dart        ||    12
 Armour: Skin              ||     1
  Dodge: Dodged            ||     2

Table legend: (Time is in decaauts)
 A = Elapsed time spent in this place.
 B = Non-inter-level travel time spent in this place.
 C = Inter-level travel time spent in this place.
 D = Time resting spent in this place.
 E = Time spent auto-exploring this place.
 F = Levels seen in this place.
 G = Mean time per level.
                   A        B        C        D        E       F      G
               +--------+--------+--------+--------+--------+-----+--------+
         Total |    998 |    973 |     25 |      0 |    927 |   2 |  499.0 |
       Dungeon |    998 |    973 |     25 |      0 |    927 |   2 |  499.0 |
               +--------+--------+--------+--------+--------+-----+--------+

Top non-repeatable levels by time:
     D:1: 961 daAuts
     D:2: 37 daAuts
